 Dungeon Crawl Stone Soup version 0.24-a0-447-ge8da9206dc (webtiles) character file.

Game seed: 774782748807707913

3990 theanonym the Thaumaturge (level 10, 0/70 HPs)
             Began as a Mummy Summoner on June 25, 2019.
             Was a Believer of Sif Muna.
             Slain by a troll (4 damage)
             ... on level 9 of the Dungeon.
             The game lasted 00:27:35 (12739 turns).

theanonym the Thaumaturge (Mummy Summoner)         Turns: 12739, Time: 00:27:36

Health: 0/70       AC: 12    Str: 12    XL:     10   Next: 3%
Magic:  3/24       EV: 12    Int: 20    God:    Sif Muna [**....]
Gold:   180        SH:  5    Dex: 15    Spells: 14/29 levels left

rFire    x . .     SeeInvis .   w - +3 dagger (chaos)
rCold    + . .     Gourm    .   v - +0 buckler
rNeg     + + +     Faith    .   b - +0 leather armour
rPois    ∞         Spirit   .   j - +0 helmet
rElec    .         Reflect  .   a - +0 cloak
rCorr    .         Harm     .   A - +2 pair of gloves {Dex+3}
MR       +....                  i - +0 pair of boots
Stlth    ++........             e - amulet of magic regeneration
HPRegen  0.21/turn              f - +3 ring of protection
MPRegen  0.44/turn              d - +2 ring of intelligence

@: about to teleport, very slightly contaminated, no casting
A: no food or potions, fire vulnerability, cold resistance 1, negative energy
resistance 3, torment resistance, unbreathing
a: Stop Divine Energy, Renounce Religion


Innate Abilities, Weirdness & Mutations

You do not eat or drink.
Your flesh is vulnerable to fire.
You are immune to poison.
Your flesh is cold resistant. (rC+)
You are immune to negative energy. (rN+++)
You are immune to unholy pain and torment.
You can survive without breathing.


   Skills:
 + Level 3.0 Fighting
 + Level 1.4 Short Blades
 - Level 1.5 Dodging
 - Level 1.6 Stealth
 - Level 4.0 Shields
 - Level 10.1 Spellcasting
 + Level 7.8 Summonings
 + Level 4.4 Ice Magic


You had 14 spell levels left.
You knew the following spells:

 Your Spells              Type           Power        Failure   Level  Hunger
a - Shadow Creatures      Summ           N/A          47%         6    N/A
b - Call Imp              Summ           #####...     1%          2    N/A
c - Call Canine Familiar  Summ           #####...     1%          3    N/A
d - Summon Ice Beast      Ice/Summ       ####....     7%          4    N/A

Your spell library contained the following spells:

 Spells                   Type           Power        Failure   Level  Hunger
 Summon Small Mammal      Summ           ####         1%          1    N/A
 Ensorcelled Hibernation  Hex/Ice        ###...       5%          2    N/A
 Summon Guardian Golem    Hex/Summ       ####....     5%          3    N/A
 Animate Skeleton         Necr           N/A          9%          1    N/A
 Infusion                 Chrm           ##..         9%          1    N/A
 Pain                     Necr           ##..         9%          1    N/A
 Shroud of Golubria       Chrm/Tloc      ##....       13%         2    N/A
 Song of Slaying          Chrm           ##......     13%         2    N/A
 Sticks to Snakes         Tmut           ##......     13%         2    N/A
 Summon Lightning Spire   Summ/Air       ####....     17%         4    N/A
 Spectral Weapon          Hex/Chrm       ##......     26%         3    N/A
 Vampiric Draining        Necr           ##........   26%         3    N/A
 Animate Dead             Necr           N/A          65%         4    N/A
 Borgnjor's Vile Clutch   Necr/Erth      ##........   94%         5    N/A
 Silence                  Hex/Air        ##........   94%         5    N/A
 Darkness                 Hex            ##........   100%        6    N/A
 Beastly Appendage        Tmut           Unusable     N/A         1    N/A
 Regeneration             Chrm/Necr      Unusable     N/A         3    N/A
 Spider Form              Tmut/Pois      Unusable     N/A         3    N/A
 Ice Form                 Ice/Tmut       Unusable     N/A         4    N/A
 Blade Hands              Tmut           Unusable     N/A         5    N/A

Skill      XL: |  1  2  3  4  5  6  7  8  9 10 |
---------------+-------------------------------+-----
Spellcasting   | 3 4 5 6 8 9 10 | 10.1
Summonings     | 4 5 6 7 |  7.8
Ice Magic      | 2 4 |  4.4
Shields        | 2 4 |  4.0
Fighting       | 2 3 |  3.0
Short Blades   | 1 |  1.4
Dodging        | |  1.5
Stealth        | |  1.6

Action                   |  1- 3 |  4- 6 |  7- 9 | 10-12 || total
-------------------------+-------+-------+-------+-------++-------
Melee: Short sword       |   111 |    31 |       |       ||   142
       Unarmed           |    10 |       |       |       ||    10
       Mace              |       |   119 |   229 |       ||   348
       Flail             |       |       |    22 |       ||    22
       Scimitar          |       |       |    65 |       ||    65
       Dagger            |       |       |    33 |    12 ||    45
Throw: Throwing net      |       |     2 |     1 |       ||     3
 Cast: Summon Small Mamm |    14 |       |     1 |       ||    15
       Call Imp          |    13 |    38 |    91 |       ||   142
       Call Canine Famil |     5 |    22 |    46 |       ||    73
       Summon Ice Beast  |       |       |    21 |       ||    21
       Shadow Creatures  |       |       |       |     4 ||     4
Invok: Divine Energy     |       |       |       |     1 ||     1
Evoke: Wand              |       |       |     2 |       ||     2
  Use: Scroll            |       |     2 |    13 |     3 ||    18
 Stab: Sleeping          |     1 |       |     2 |       ||     3
       Distracted        |       |     3 |     4 |       ||     7
       Paralysed         |       |       |     3 |     1 ||     4
       Held in net/web   |       |       |     1 |       ||     1
Armor: Robe              |    11 |       |       |       ||    11
       Leather armour    |    41 |    85 |   157 |     8 ||   291
Dodge: Dodged            |   102 |   104 |   240 |     7 ||   453
Block: Buckler           |       |       |    46 |     3 ||    49
       Rpst.: Scimitar   |       |       |    17 |       ||    17

Inventory:

Hand Weapons
 c - a +0 short sword
 g - a +2 mace of protection
 o - a +1 scimitar of flaming
 u - a +4 mace of freezing
 w - a +3 dagger of chaos (weapon)
 z - a +1 flail of crushing
Armour
 a - a +0 cloak (worn)
 b - a +0 leather armour (worn)
 i - a +0 pair of boots (worn)
 j - a +0 helmet (worn)
 v - a +0 buckler (worn)
 A - a +2 pair of gloves of dexterity (worn)
Jewellery
 d - a +2 ring of intelligence (right hand)
 e - an amulet of magic regeneration (around neck)
 f - a +3 ring of protection (left hand)
 m - an uncursed ring of ice
 C - an uncursed ring of fire
Wands
 s - a wand of random effects (46)
Scrolls
 k - 2 scrolls of amnesia
 n - 2 scrolls of remove curse
 t - 4 scrolls of teleportation
 y - a scroll of magic mapping
 B - 3 scrolls of blinking


You were on level 9 of the Dungeon.
You worshipped Sif Muna.
Sif Muna was pleased with you.
You were not hungry.

You visited 2 branches of the dungeon, and saw 10 of its levels.

You collected 480 gold pieces.
You spent 300 gold pieces at shops.

Dungeon Overview and Level Annotations

Branches:
Dungeon (9/15)             Temple (1/1) D:7            Lair (0/6) D:9
    Orc: D:9-12

Altars:
Ashenzari
Cheibriados
Dithmenos
Elyvilon
Fedhas
Gozag
Hepliaklqana
Kikubaaqudgha
Makhleb
Nemelex Xobeh
Okawaru
Qazlal
Ru
Sif Muna
Trog
Uskayaw
Vehumet
Wu Jian
Xom
Yredelemnul
Zin
The Shining One

Shops:
D:8 =   D:9 [

Annotations:
D:9 1 runed translucent door, Avack's ghost, journeyman FoFi

#.###.#.##.'..........#
#..h..#.####..........#
###.##### ########+### #Y#
#.....# #####+ #.# ###'####
###..... #Y# #......# #.'.....
.5. #.a....#####.#..... ....#
#.{....##....#.....
.....########.@....'..####.....
......##.....'......#### #.....
.......#..#####......# #.....
........ #..?...# ###'## ...
####'### #..# ...# #..# ##.#
##..## ####+##### ######'#
#..... #........# #.......
#..... #........# #.......


You could see a friendly worker ant.

Notes
Turn   | Place    | Note
-------+----------+-------------------------------------------
     0 | D:1      | theanonym the Mummy Summoner began the quest for the Orb.
     0 | D:1      | Reached XP level 1. HP: 13/13 MP: 4/4
   168 | D:1      | Reached skill level 3 in Spellcasting
   262 | D:1      | Reached XP level 2. HP: 16/19 MP: 6/6
   389 | D:1      | Learned a level 2 spell: Call Imp
   913 | D:2      | HP: 9/19 [kobold (2)]
   954 | D:2      | HP: 8/19 [worm (3)]
  1234 | D:2      | HP: 9/19 [hobgoblin/+0 club (3)]
  1240 | D:2      | HP: 6/19 [hobgoblin/+0 mace (3)]
  1245 | D:2      | HP: 4/19 [adder (3)]
  1246 | D:2      | Reached XP level 3. HP: 5/24 MP: 0/8
  1486 | D:2      | Learned a level 3 spell: Call Canine Familiar
  1868 | D:3      | Reached skill level 4 in Spellcasting
  2017 | D:3      | Reached skill level 4 in Summonings
  2024 | D:3      | Reached XP level 4. HP: 19/30 MP: 1/10
  2099 | D:3      | Learned a level 4 spell: Summon Ice Beast
  2208 | D:3      | Found a runed translucent door.
  2550 | D:3      | Reached XP level 5. HP: 28/35 MP: 2/12
  2649 | D:3      | Reached skill level 5 in Spellcasting
  2976 | D:3      | Noticed DEFE's ghost (weakling DsWn)
  2988 | D:3      | Killed DEFE's ghost
  3082 | D:4      | Found a sparkling altar of Nemelex Xobeh.
  3338 | D:4      | Noticed an ogre
  3345 | D:4      | Killed an ogre
  3345 | D:4      | Reached XP level 6. HP: 41/41 MP: 6/14
  3573 | D:4      | Reached skill level 6 in Spellcasting
  3573 | D:4      | Reached skill level 5 in Summonings
  3596 | D:5      | Entered Level 5 of the Dungeon
  3598 | D:5      | Noticed Prince Ribbit
  3760 | D:5      | HP: 15/41 [orc priest/+0 mace (6)]
  3765 | D:5      | HP: 3/41 [orc priest/divine providence (12)]
  4578 | D:5      | Reached XP level 7. HP: 46/46 MP: 13/17
  4803 | D:5      | Reached skill level 7 in Spellcasting
  4810 | D:5      | HP: 19/46 [gnoll (5)]
  5041 | D:5      | HP: 22/46 [gnoll/+0 spear (5)]
  5046 | D:5      | HP: 15/46 [gnoll/+0 spear (8)]
  5051 | D:5      | HP: 14/46 [gnoll/+0 spear (2)]
  5296 | D:5      | Noticed a wyvern
  5431 | D:5      | Noticed a +0 dagger
  5431 | D:5      | Noticed a +0 hand axe
  5432 | D:5      | Found a hide-covered altar of Uskayaw.
  5499 | D:5      | Found a hazy altar of Hepliaklqana.
  5500 | D:5      | Found a white marble altar of Elyvilon.
  5501 | D:5      | Found an ancient bone altar of Kikubaaqudgha.
  5550 | D:5      | Killed a wyvern
  5550 | D:5      | Reached skill level 6 in Summonings
  5569 | D:5      | HP: 22/46 [phantom (9)]
  5799 | D:5      | HP: 20/46 [Prince Ribbit (9)]
  5801 | D:5      | Killed Prince Ribbit
  5801 | D:5      | Reached skill level 8 in Spellcasting
  5990 | D:5      | Found a blossoming altar of Fedhas.
  6048 | D:5      | Found a sacrificial altar of Ru.
  6308 | D:6      | HP: 23/46 [orc warrior/+0 trident (16)]
  6503 | D:6      | Reached XP level 8. HP: 44/52 MP: 17/20
  6567 | D:6      | Reached skill level 1 in Ice Magic
  7019 | D:6      | Found a glowing golden altar of the Shining One.
  7756 | D:7      | Reached skill level 1 in Shields
  7866 | D:7      | Reached skill level 2 in Ice Magic
  7936 | D:7      | HP: 9/52 [orc warrior/+0 war axe (19)]
  8266 | D:7      | Noticed Menkaure
  8276 | D:7      | Killed Menkaure
  8300 | D:7      | Reached skill level 2 in Shields
  8300 | D:7      | Reached skill level 9 in Spellcasting
  8610 | D:7      | HP: 22/52 [orc priest/divine providence (8)]
  8898 | D:7      | Reached skill level 7 in Summonings
  9408 | D:8      | Reached XP level 9. HP: 56/57 MP: 22/22
  9626 | D:7      | Found a staircase to the Ecumenical Temple.
  9635 | Temple   | Entered the Ecumenical Temple
  9731 | Temple   | Became a worshipper of Sif Muna the Loreminder
  9790 | D:7      | Reached skill level 3 in Shields
  9986 | D:8      | Noticed Maurice
  9996 | D:8      | Noticed Erica
 10006 | D:8      | HP: 7/57 [Erica/orb of energy (26)]
 10024 | D:8      | Killed Erica
 10024 | D:8      | Reached skill level 3 in Ice Magic
 10043 | D:8      | Killed Maurice
 10321 | D:8      | Reached skill level 4 in Shields
 10427 | D:8      | Found Fobeid's Jewellery Shop.
 10450 | D:8      | HP: 29/58 [orc warrior/+0 battleaxe (10)]
 10581 | D:8      | Bought an uncursed amulet of magic regeneration for 300
                  | gold pieces
 10712 | D:8      | Reached * piety under Sif Muna
 10744 | D:8      | Reached skill level 1 in Fighting
 11017 | D:8      | Noticed Psyche
 11025 | D:8      | Killed Psyche
 11025 | D:8      | Reached skill level 2 in Fighting
 11025 | D:8      | Reached skill level 10 in Spellcasting
 11025 | D:8      | Reached skill level 4 in Ice Magic
 11409 | D:9      | HP: 23/61 [yak (14)]
 11421 | D:9      | HP: 8/61 [scorpion (6)]
 11453 | D:9      | Reached skill level 1 in Short Blades
 11797 | D:9      | Identified a scroll of acquirement
 11807 | D:9      | Learned a level 6 spell: Shadow Creatures
 11846 | D:9      | Noticed Avack's ghost (journeyman FoFi)
 11847 | D:9      | Found a runed translucent door.
 11892 | D:9      | Noticed a death yak
 11892 | D:9      | Noticed a death yak
 11896 | D:9      | Noticed a death yak
 11943 | D:9      | HP: 23/62 [orc warrior/+0 war axe (24)]
 12189 | D:9      | Found a staircase to the Lair.
 12241 | D:9      | HP: 20/62 [orc warrior/+0 war axe (18)]
 12244 | D:9      | Reached XP level 10. HP: 23/69 MP: 16/24
 12245 | D:9      | Reached ** piety under Sif Muna
 12488 | D:9      | Reached skill level 3 in Fighting
 12559 | D:9      | Found Diqarick's Armour Shop.
 12737 | D:9      | HP: 35/70 [something (3)]
 12739 | D:9      | HP: 16/70 [something (6)]
 12739 | D:9      | HP: 4/70 [something (8)]
 12739 | D:9      | Slain by a troll

Vanquished Creatures
  Psyche (D:8)
  Prince Ribbit (D:5)
  A porcupine (D:9)
  2 black bears
  A sky beast (D:8)
  4 ogres
  A centaur (D:8)
  A big kobold (D:8)
  3 bullfrogs
  A gnoll sergeant (D:5)
  2 scorpions
  A wight (D:6)
  A centaur zombie (D:9)
  A crimson imp (D:6)
  3 hounds
  A bullfrog zombie (D:6)
  2 jellies (D:9)
  A bullfrog skeleton (D:7)
  An orc priest (D:7)
  4 orc wizards
  A centaur skeleton (D:7)
  An iguana (D:8)
  A worker ant (D:4)
  A hell rat (D:9)
  A hound skeleton (D:3)
  5 gnolls
  7 adders
  A shadow imp (D:5)
  An ooze (D:2)
  A worm zombie (D:8)
  A worm (D:4)
  A leopard gecko (D:6)
  14 orcs
  4 bats
  A giant cockroach (D:7)
  3 goblins
  7 hobgoblins
  A jackal (D:3)
  4 quokkas
  6 frilled lizards
  6 kobolds
  2 quokka skeletons
  4 rats
107 creatures vanquished.

Vanquished Creatures (collateral kills)
  Erica (D:8)
  Maurice (D:8)
  A wyvern (D:5)
  4 yaks (D:9)
  Menkaure (D:7)
  4 orc warriors
  2 ogres
  A phantom (D:5)
  A bullfrog (D:7)
  A scorpion (D:9)
  The ghost of DEFE the Ducker, a weakling DsWn (D:3)
  2 wights (D:6)
  2 crimson imps (D:5)
  7 orc wizards
  8 orc priests
  3 hounds
  2 worker ants
  3 gnolls
  2 adders
  A worm (D:2)
  A dart slug (D:2)
  17 orcs
  A ball python (D:5)
  3 giant cockroaches
  6 hobgoblins
  2 jackals (D:3)
  7 kobolds
  3 quokkas
  3 bats (D:3)
  3 goblins
  A jackal skeleton (D:5)
  3 rats
98 creatures vanquished.

Vanquished Creatures (others)
  A shadow imp (D:8)
1 creature vanquished.

Grand Total: 206 creatures vanquished

Table legend:
 A = Turns spent in this place as a percentage of turns spent in the entire game.
 B = Non-inter-level travel turns spent in this place as a percentage of non-inter-level travel turns spent in the entire game.
 C = Inter-level travel turns spent in this place as a percentage of turns spent in this place.
 D = Turns resting spent in this place as a percentage of non-inter-level travel turns spent in this place.
 E = Turns spent auto-exploring this place as a percentage of non-inter-level travel turns spent in this place.
 F = Non-inter-level travel turns spent in this place divided by the number of levels of this place that you've seen.
                   A       B       C       D       E      F
               +-------+-------+-------+-------+-------+----------------------
         Total | 100.0 | 100.0 |   7.6 |  45.6 |  37.2 | 1176.6
       Dungeon |  99.1 |  99.3 |   7.4 |  45.9 |  36.8 | 1298.2
        Temple |   0.9 |   0.7 |  29.9 |   0.0 |  96.3 |  82.0
               +-------+-------+-------+-------+-------+----------------------
